 Dungeon Crawl Stone Soup version 0.24-a0-201-gf205589 (console) character file.

Game seed: 565872599723286333

51 bli the Ducker (level 3, 0/23 HPs)
             Began as a Tengu Monk on Mar 23, 2019.
             Slain by a goblin
             ... wielding a +0 dagger
             ... led by Robin
              (1 damage)
             ... on level 2 of the Dungeon.
             The game lasted 00:04:02 (1368 turns).

bli the Ducker (Tengu Monk)                         Turns: 1368, Time: 00:04:03

Health: 0/23       AC:  5    Str: 11    XL:     3   Next: 81%
Magic:  4/4        EV: 12    Int: 10    God:
Gold:   60         SH:  0    Dex: 17    Spells: 2/2 levels left

rFire    . . .     SeeInvis .   r - -1 short sword (curse)
rCold    . . .     Gourm    .   (no shield)
rNeg     . . .     Faith    .   o - +0 ring mail (curse)
rPois    .         Spirit   .   (helmet restricted)
rElec    .         Reflect  .   (no cloak)
rCorr    .         Harm     .   (no gloves)
MR       .....                  (boots unavailable)
Stlth    ++........             (no amulet)
HPRegen  0.07/turn              (no ring)
MPRegen  0.09/turn              (no ring)

@: no status effects
A: beak, talons 3
a: no special abilities


You were on level 2 of the Dungeon.
You were very hungry.

You visited 1 branch of the dungeon, and saw 2 of its levels.

You collected 60 gold pieces.

Inventory:

Hand Weapons
 a - a +0 falchion
 r - a cursed -1 short sword (weapon)
Missiles
 d - 20 bolts
 e - 4 stones (quivered)
 m - 35 arrows
Armour
 b - a +0 robe
 n - a +0 leather armour
 o - a cursed +0 ring mail (worn)
Scrolls
 f - 4 scrolls of identify {unknown}
 l - 2 scrolls of enchant armour {unknown}
Potions
 g - a potion of cancellation {unknown}
 h - a potion of flight {unknown}
 i - a potion of curing {unknown}
 j - a potion of heal wounds {unknown}
 k - a potion of ambrosia {unknown}
 p - a potion of degeneration {unknown}
 q - 2 potions of lignification {unknown}
Comestibles
 c - 3 rations


   Skills:
 + Level 3.4 Fighting
 * Level 3.9 Long Blades
 + Level 4.1 Dodging
 + Level 2.1 Stealth


You had 2 spell levels left.
You didn't know any spells.
Your spell library was empty.

Dungeon Overview and Level Annotations

Branches:
Dungeon (2/15)

Altars:


Innate Abilities, Weirdness & Mutations

You have a beak for a mouth.
You have claws for feet.


Message History

You hit Robin.
You kill Robin!
The bat barely misses you. The hobgoblin barely misses you.
The goblin hits you with a +0 dagger.
* * * LOW HITPOINT WARNING * * *
The goblin hits you.
* * * LOW HITPOINT WARNING * * *
You barely miss the hobgoblin.
You claw the hobgoblin, but do no damage.
You peck the hobgoblin, but do no damage.
The hobgoblin is severely wounded.
The bat closely misses you. The hobgoblin hits you with a +0 club.
* * * LOW HITPOINT WARNING * * *
The goblin barely misses you. The goblin hits you.
* * * LOW HITPOINT WARNING * * *
You hit the goblin.
The goblin is severely wounded.
The bat closely misses you. The bat hits you but does no damage.
The hobgoblin misses you.
The goblin hits you but does no damage. x2
The bat barely misses you. The goblin hits you with a +0 dagger.
You die...

#..# .###..#
....... #....#
#)..## #....##
#.....##
#....g.######..
#####
#..).)gg..((...
.....
......##..@########
####. #####. ##b##
#.. #g #.# #.. #.
#.# #.. #g #.# #.#
#. #.# #.# #.# #.#
#.# #.# #.# #.# #.#
#.# ###.# #.#


You could see a hobgoblin, 2 goblins and a bat.

Vanquished Creatures
  Robin (D:2)
  A dart slug (D:1)
  A leopard gecko (D:1)
  5 bats (D:1)
  8 hobgoblins
  A ball python (D:1)
  3 frilled lizards (D:1)
  3 goblins
  2 kobolds (D:1)
  17 rats
42 creatures vanquished.

Notes
Turn   | Place    | Note
-------+----------+-------------------------------------------
     0 | D:1      | bli the Tengu Monk began the quest for the Orb.
     0 | D:1      | Reached XP level 1. HP: 14/14 MP: 2/2
    69 | D:1      | Reached XP level 2. HP: 9/19 MP: 3/3
   449 | D:1      | Reached XP level 3. HP: 2/23 MP: 4/4
   453 | D:1      | Reached skill level 4 in Dodging
  1348 | D:2      | Noticed Robin
  1365 | D:2      | Killed Robin
  1366 | D:2      | HP: 1/23 [goblin[Robin] (2)]
  1368 | D:2      | Slain by a goblin

Levels and vault maps discovered:
D:1:      erik_arrival_orb_chamber, layout_basic, minmay_misc_feat_iff
D:2:      layout_loops_ring, lemuel_round_altar, nicolae_overflow_crystal_walls,
          chequers_ecumenical_altar_simple, minmay_misc_feat_five, uniq_robin

Skill      XL: |  1  2  3 |
---------------+----------+-----
Dodging        | 4 |  4.1
Fighting       | |  3.4
Long Blades    | |  3.9
Stealth        | |  2.1

Action                   || total
-------------------------++-------
Melee: Falchion          ||    55
       Kick              ||    22
       Peck              ||    14
       Short sword       ||    13
 Stab: Sleeping          ||     2
Armor: Robe              ||    11
       Ring mail         ||    15
Dodge: Dodged            ||    93
       Rpst.: Falchion   ||    22

Table legend:
 A = Non-vault XP
 B = Vault XP
 C = Vault XP percentage of total XP
 D = Non-vault monster count
 E = Vault monster count
 F = Vault count percentage of total count
                 A         B        C        D         E       F
            +---------+---------+-------+---------+---------+-------
      Total |      41 |      32 |  43.8 |      26 |      16 |  38.1
            +---------+---------+-------+---------+---------+-------
        D:1 |      40 |      12 |  23.1 |      25 |      12 |  32.4
        D:2 |       1 |      20 |  95.2 |       1 |       4 |  80.0
            +---------+---------+-------+---------+---------+-------
